 Dungeon Crawl Stone Soup version 0.29.1-1-gd02db6906a (webtiles) character file.

Game seed: 1305168381590762765

8673 mopl the Spear-Bearer (level 11, 0/89 HPs)
             Began as a Palentonga Gladiator on Oct 21, 2022.
             Was an Initiate of Gozag.
             Slain by a wyvern (10 damage)
             ... on level 10 of the Dungeon.
             The game lasted 00:15:06 (12551 turns).

mopl the Spear-Bearer (Palentonga Gladiator)       Turns: 12551, Time: 00:15:08

Health: 0/89       AC: 18    Str: 29    XL:     11   Next: 13%
Magic:  11/11      EV:  8    Int:  9    God:    Gozag
Gold:   1206       SH:  5    Dex: 16    Spells: 10/10 levels left

rFire   + . .      SeeInvis +   a - +6 spear of Feadaf {vorpal, rPois Will+ Dex+4}
rCold   . . .      Faith    .   (no shield)
rNeg    . . .      Spirit   .   l - +0 plate armour
rPois   +          Reflect  +   c - +0 helmet
rElec   .          Harm     .   D - scarf {repulsion}
rCorr   .          Rampage  .   (no gloves)
Will    +....                   (no barding)
Stlth   ..........              F - amulet of reflection
HPRegen 0.24/turn               w - +6 ring of strength
MPRegen 0.12/turn               B - ring of protection from fire

@: about to teleport, repel missiles, curled up
A: large, rugged brown scales 3, see invisible, deformed body, roll 1, armoured
tail, reflexive curl
a: Rolling Charge, Renounce Religion, Potion Petition, Call Merchant, Bribe
Branch


You were on level 10 of the Dungeon.
You worshipped Gozag.
Gozag was most pleased with you.
You visited 1 branch of the dungeon, and saw 10 of its levels.

You collected 1946 gold pieces.
You spent 233 gold pieces at shops.
You paid 507 gold pieces to Gozag.

Inventory:

Hand Weapons
 a - the +6 spear of Feadaf (weapon) {vorpal, rPois Will+ Dex+4}
   (You found it on level 3 of the Dungeon)

   It inflicts extra damage upon your enemies.
   Dex:       It affects your dexterity (+4).
   rPois:     It protects you from poison.
   Will:      It increases your willpower.
Missiles
 d - 4 throwing nets
 e - a javelin
 o - 29 poisoned darts (quivered)
 t - 5 curare-tipped darts
Armour
 c - a +0 helmet (worn)
 l - a +0 plate armour (worn)
 D - a scarf of repulsion (worn)
Jewellery
 w - a +6 ring of strength (left hand)
 B - a ring of protection from fire (right hand)
 F - an amulet of reflection (around neck)
Wands
 x - a wand of acid (13)
 y - a wand of mindburst (10)
Scrolls
 f - 3 scrolls of amnesia {unknown}
 h - 3 scrolls of vulnerability {unknown}
 i - 6 scrolls of teleportation
 j - 2 scrolls of fear {unknown}
 k - a scroll of torment {unknown}
 m - a scroll of enchant armour {unknown}
 n - a scroll of enchant weapon {unknown}
 q - 2 scrolls of magic mapping {unknown}
 r - 2 scrolls of identify
 u - 2 scrolls of poison {unknown}
 C - a scroll of noise {unknown}
 I - a scroll of fog {unknown}
Potions
 b - 2 potions of mutation
 g - 2 potions of magic
 p - a potion of heal wounds
 s - 3 potions of curing
 v - a potion of might
 z - a potion of haste
 A - 2 potions of cancellation
 E - a potion of flight
 H - 2 potions of lignification


   Skills:
 + Level 7.0 Fighting
 * Level 9.1 Polearms
 + Level 5.2 Throwing
 + Level 5.3 Armour
 + Level 6.1 Dodging
 + Level 5.3 Evocations


You had 10 spell levels left.
You didn't know any spells.
Your spell library contained the following spells:

 Spells                   Type           Power      Damage    Failure   Level
 Sting                    Tmut/Pois      0%         1d3       99%         1
 Poisonous Vapours        Pois/Air       0%         N/A       99%         2
 Scorch                   Fire           0%         2d5       99%         2
 Flame Wave               Conj/Fire      0%         2d4       100%        4
 Olgreb's Toxic Radiance  Pois           0%         N/A       100%        4
 Summon Cactus Giant      Summ           0%         N/A       100%        6


Dungeon Overview and Level Annotations

Branches:
Dungeon (10/15)            Temple (0/1) D:6            Lair (0/5) D:8
    Orc: D:9-12

Altars:
Elyvilon
Fedhas
Gozag
Nemelex Xobeh
Sif Muna
Trog
Xom
Yredelemnul

Shops:
D:7 *


Innate Abilities, Weirdness & Mutations

You are completely covered in rugged brown scales. (AC +3, +7% HP)
You have supernaturally acute eyesight. (SInv)
Armour fits poorly on your strangely shaped body.
You can roll at nearby foes to attack.
You have a long armoured tail.
You curl defensively after being hit. (AC +7*)


Message History

* * * LOW HITPOINT WARNING * * *
There is a fountain of clear blue water here.
Unknown command.
You feel much better.
The centaur warrior shoots an arrow.
The arrow hits you but does no damage.
The vampire gestures wildly while chanting.
The vampire flickers and vanishes for a moment.
You hear a shout!
Unknown command.
Aiming: Corrosive Bolt
Press: ? - help, Shift-Dir - straight line The bolt of acid hits the wyvern!
The acid corrodes the wyvern!
The wyvern is moderately wounded.
The bolt of acid hits the centaur warrior!
The acid corrodes the centaur warrior!
The centaur warrior is heavily wounded.
The wyvern bites you!
* * * LOW HITPOINT WARNING * * *
You block the wyvern's attack.
The vampire hits you from afar with a +0 spear.
* * * LOW HITPOINT WARNING * * *
Unknown command.
Unknown command.
As you read the scroll of teleportation, it crumbles to dust.
You feel strangely unstable.
The centaur warrior unwields a +0 shortbow.
The centaur warrior hits you!
* * * LOW HITPOINT WARNING * * *
You block the centaur warrior's attack. The wyvern bites you.
* * * LOW HITPOINT WARNING * * *
The wyvern closely misses you. The vampire barely misses you.
The centaur warrior hits you but does no damage.
The centaur warrior kicks you but does no damage.
The wyvern attacks as you move away!
The wyvern bites you but does no damage.
The wyvern attacks as you move away! The wyvern closely misses you.
The wyvern bites you but does no damage.
The wyvern bites you!
You die...
Your body crumbles into a pile of gold.

.... ....$
... ##'## $
#$..#
##$V.##
#$.c..#
##.ll..##
#!..@...# $
#.$$....#
+.$.)...+
####$####
#####
#...####...#
###.##....##
#.##..###
#####.....#
#........##


You could see a centaur warrior (corroded), a vampire (invisible) and 2 wyverns.

Vanquished Creatures
  Erolcha (D:9)
  A catoblepas (D:9)
  2 gargoyles
  A kobold demonologist (D:9)
  A troll (D:7)
  Grinder (D:5)
  2 hornets (D:9)
  Prince Ribbit (D:5)
  A wraith (D:7)
  A vampire (D:9)
  2 wyverns
  Eustachio (D:5)
  7 yaks (D:9)
  Menkaure (D:7)
  3 water moccasins
  3 sky beasts
  2 ice beasts
  4 orc warriors
  2 wolves (D:7)
  4 centaurs
  2 bullfrogs
  5 kobold brigands
  2 necrophages (D:5)
  3 scorpions
  9 wights
  3 electric eels (D:8)
  4 howler monkeys
  5 hounds
  A jelly (D:4)
  3 orc priests (D:6)
  2 iguanas (D:4)
  8 orc wizards
  2 adders
  2 white imps (D:6)
  An ufetubus (D:5)
  A worm (D:3)
  A dart slug (D:2)
  31 orcs
  3 ball pythons
  2 bats
  4 endoplasms
  9 goblins
  3 hobgoblins
  4 jackals
  4 quokkas
  6 frilled lizards
  29 kobolds
  7 rats
197 creatures vanquished.

Notes
Turn   | Place    | Note
-------+----------+-------------------------------------------
     0 | D:1      | mopl the Palentonga Gladiator began the quest for the Orb.
     0 | D:1      | Reached XP level 1. HP: 17/17 MP: 1/1
   366 | D:1      | Reached XP level 2. HP: 15/23 MP: 2/2
   871 | D:1      | Reached skill level 3 in Polearms
  1495 | D:2      | Reached XP level 3. HP: 29/29 MP: 3/3
  1538 | D:2      | Found a faded altar of an unknown god.
  1554 | D:2      | Prayed at the altar of an unknown god.
  1554 | D:2      | Became a worshipper of Gozag Ym Sagoz the Greedy
  2388 | D:3      | Identified the +6 spear of Feadaf {vorpal, rPois Will+
                  | Dex+4}
  2746 | D:4      | Reached XP level 4. HP: 36/36 MP: 4/4
  2814 | D:4      | Reached skill level 1 in Armour
  2981 | D:4      | Reached XP level 5. HP: 42/42 MP: 5/5
  3010 | D:4      | Noticed a water moccasin
  3020 | D:4      | Killed a water moccasin
  3021 | D:4      | Reached skill level 4 in Polearms
  3238 | D:4      | Reached XP level 6. HP: 36/50 MP: 6/6
  3534 | D:5      | Entered Level 5 of the Dungeon
  3776 | D:5      | Noticed Grinder
  3977 | D:5      | Killed Grinder
  3978 | D:5      | Gained mutation: You curl defensively after being hit. (AC
                  | +7*) [Palentonga growth]
  3978 | D:5      | Reached XP level 7. HP: 30/56 MP: 7/7
  4129 | D:5      | Noticed Prince Ribbit
  4132 | D:5      | Killed Prince Ribbit
  4133 | D:5      | Reached skill level 5 in Polearms
  4133 | D:5      | Reached skill level 1 in Evocations
  4515 | D:5      | Noticed Eustachio
  4562 | D:5      | Killed Eustachio
  4563 | D:5      | Reached XP level 8. HP: 64/64 MP: 8/8
  4818 | D:6      | Found a staircase to the Ecumenical Temple.
  4885 | D:6      | Reached skill level 6 in Polearms
  5487 | D:6      | Found a shimmering blue altar of Sif Muna.
  5651 | D:7      | Reached skill level 5 in Fighting
  5778 | D:7      | Reached XP level 9. HP: 57/72 MP: 9/9
  6664 | D:7      | Noticed Menkaure
  6667 | D:7      | Killed Menkaure
  6668 | D:7      | Reached skill level 7 in Polearms
  6937 | D:7      | Bought an orange potion for 27 gold pieces
  6937 | D:7      | Bought 2 fuming puce potions for 55 gold pieces
  6937 | D:7      | Bought a lumpy clear potion for 27 gold pieces
  6937 | D:7      | Bought a scroll labelled RUPOUTACKE for 31 gold pieces
  6937 | D:7      | Bought a potion of curing for 93 gold pieces
  7434 | D:7      | Reached skill level 5 in Dodging
  8899 | D:8      | Noticed a troll
  9635 | D:7      | Killed a troll
  9903 | D:8      | Found a staircase to the Lair.
  9933 | D:8      | Reached XP level 10. HP: 81/81 MP: 10/10
 10338 | D:8      | Found a blossoming altar of Fedhas.
 10341 | D:8      | Found a bloodstained altar of Trog.
 10341 | D:8      | Found a white marble altar of Elyvilon.
 10352 | D:8      | Found a shimmering altar of Xom.
 10355 | D:8      | Found a sparkling altar of Nemelex Xobeh.
 10572 | D:9      | Noticed a gargoyle
 10593 | D:9      | Killed a gargoyle
 10899 | D:9      | Reached skill level 8 in Polearms
 10937 | D:9      | Found a basalt altar of Yredelemnul.
 10960 | D:9      | Noticed Erolcha
 10988 | D:9      | Killed Erolcha
 11064 | D:9      | Noticed a catoblepas
 11095 | D:9      | Killed a catoblepas
 11138 | D:9      | Noticed a rust devil
 11140 | D:9      | Reached skill level 5 in Armour
 11418 | D:9      | Reached skill level 5 in Throwing
 11418 | D:9      | Reached skill level 5 in Evocations
 11719 | D:9      | Reached skill level 9 in Polearms
 11719 | D:9      | Reached XP level 11. HP: 79/88 MP: 11/11
 12284 | D:10     | Entered Level 10 of the Dungeon
 12541 | D:10     | Noticed a centaur warrior
 12551 | D:10     | Slain by a wyvern

Illustrated notes

Levels and vault maps discovered:
D:1:      minmay_arrival_shattered_statue, layout_basic,
          ebering_dispersal_statue_hall
D:2:      layout_loops_ring, ebering_ecumenical_altar_ruins
D:3:      layout_loops_ring, serial_rivers, chequers_serial_rivers_small_b,
          chequers_serial_rivers_small_a, chequers_serial_rivers_room_a,
          chequers_serial_rivers_large_b, minmay_starry_boxes
D:4:      layout_cave_pools, serial_bayou_pond_d
D:5:      minmay_angry_zag, layout_basic, minmay_misc_feat_ornament,
          uniq_grinder, uniq_prince_ribbit1, uniq_eustachio
D:6:      layout_cave_pools, mainiacjoe_overflow_paths,
          minmay_temple_entry_drinking_statues, serial_glass, glass_columns_c,
          glass_columns_a, glass_columns_a, glass_columns_a
D:7:      layout_gridville, uniq_menkaure
D:8:      layout_basic, minmay_overflow_temple_star_hex, erik_lair_island,
          nicolae_figureground_sparkle
D:9:      layout_gridville, amcnicky_altar_gilded, minmay_bent, uniq_erolcha
D:10:     layout_layer_cave, lemuel_round_altar, lemuel_doored_altar,
          mainiacjoe_overflow_concentric_impassable, nicolae_rejected_hall

Skill      XL: |  1  2  3  4  5  6  7  8  9 10 11 |
---------------+----------------------------------+-----
Polearms       | 3 4 5 6 7 9 |  9.1
Armour         | 1 2 3 4 5 |  5.3
Throwing       | 2 3 4 5 |  5.2
Fighting       | 3 4 5 6 7 |  7.0
Dodging        | 3 4 5 6 |  6.1
Evocations     | 1 3 4 5 |  5.3

Action                   |  1- 3 |  4- 6 |  7- 9 | 10-12 || total
-------------------------+-------+-------+-------+-------++-------
Melee: Trident           |   121 |       |       |       ||   121
       Tailslap          |     6 |     7 |    33 |    29 ||    75
       Spear             |    12 |    70 |   311 |   197 ||   590
Throw: Dart              |       |       |     2 |     1 ||     3
Invok: Call Merchant     |       |       |     1 |       ||     1
Evoke: Wand              |       |       |     2 |    16 ||    18
  Use: Scroll            |       |     1 |    10 |     3 ||    14
       Potion            |       |       |       |     2 ||     2
 Stab: Sleeping          |     1 |       |       |       ||     1
       Paralysed         |       |       |       |    17 ||    17
       Petrified         |       |       |       |     4 ||     4
       Distracted        |       |       |       |     1 ||     1
Armor: Leather armour    |     6 |       |       |       ||     6
       Chain mail        |    41 |    23 |    35 |       ||    99
       Plate armour      |       |       |    69 |    35 ||   104
Dodge: Dodged            |    26 |    10 |    97 |    36 ||   169
Block: Other             |       |       |       |    18 ||    18
       Reflection        |       |       |       |     3 ||     3
